 Dungeon Crawl Stone Soup version 0.30-a0-722-g3e6e8c874d (webtiles) character file.

Game seed: 7644972161018271309

1600 Hubris850 the Chopper (level 8, 0/66 HPs)
             Began as a Hill Orc Fighter on Jan 27, 2023.
             Was a Priest of Makhleb.
             Killed by the air
             ... invoked by lotum's ghost
              (8 damage)
             ... on level 5 of the Dungeon.
             The game lasted 00:14:32 (4391 turns).

Hubris850 the Chopper (Hill Orc Fighter)            Turns: 4391, Time: 00:14:33

Health: 0/66       AC: 15    Str: 21    XL:     8   Next: 94%
Magic:  13/13      EV:  5    Int:  8    God:    Makhleb [***...]
Gold:   58         SH:  5    Dex: 10    Spells: 7/7 levels left

rFire   . . .      SeeInvis .    a - +1 war axe (elec)
rCold   . . .      Faith    .    c - +0 buckler
rNeg    . . .      Spirit   .    u - +0 plate armour
rPois   .          Reflect  .    v - +0 helmet
rElec   .          Harm     .    s - +0 cloak
rCorr   +          Rampage  .    j - +0 pair of gloves
Will    .....                    (no boots) Stlth
                                 A - amulet of regeneration
HPRegen 1.11/turn                p - ring of resist corrosion
MPRegen 0.13/turn                (no ring)

@: lethally poisoned (0 -> -3), studying Poison Magic
A: no striking features
a: Renounce Religion, Minor Destruction, Lesser Servant of Makhleb


You were on level 5 of the Dungeon.
You worshipped Makhleb.
Makhleb was most pleased with you.
You visited 1 branch of the dungeon, and saw 5 of its levels.
You also visited: Sewer.

You collected 277 gold pieces.
You spent 219 gold pieces at shops.

Inventory:

Hand Weapons
 a - a +1 war axe of electrocution (weapon)
 b - the +7 captain's cutlass {speed, disarm}
   (You found it on level 5 of the Dungeon)
 r - a +2 quarterstaff of chaos
 E - a +0 war axe
Missiles
 g - 15 boomerangs (quivered)
 n - 6 poisoned darts
 o - 2 javelins
Armour
 c - a +0 buckler (worn)
 j - a +0 pair of gloves (worn)
 s - a +0 cloak (worn)
 u - a +0 plate armour (worn)
 v - a +0 helmet (worn)
 I - a +0 scale mail
Magical Staves
 f - a staff of earth
 h - a staff of cold
Jewellery
 p - a ring of resist corrosion (left hand)
 A - an amulet of regeneration (around neck)
Wands
 D - a wand of flame (14)
 J - a wand of paralysis (10)
Scrolls
 q - a scroll of amnesia {unknown}
 t - a scroll of summoning {unknown}
 w - 3 scrolls of identify {unknown}
 y - a scroll of blinking {unknown}
 B - 2 scrolls of vulnerability {unknown}
 C - 4 scrolls of fog {unknown}
 H - a scroll of teleportation {unknown}
Potions
 d - 2 potions of might
 e - a potion of degeneration {unknown}
 i - a potion of berserk rage {unknown}
 k - a potion of heal wounds {unknown}
 l - 3 potions of curing {unknown}
 m - 3 potions of haste {unknown}
 x - a potion of invisibility {unknown}
 z - 2 potions of mutation {unknown}
 F - 2 potions of cancellation {unknown}
 G - a potion of flight {unknown}


   Skills:
 - Level 4.0 Fighting
 + Level 7.7 Axes
 + Level 4.8 Throwing
 - Level 4.0 Armour
 - Level 6.0 Shields
 + Level 7.2 Invocations


You had 7 spell levels left.
You didn't know any spells.
Your spell library was empty.

Dungeon Overview and Level Annotations

Branches:
Dungeon (5/15)             Temple (0/1) D:4           Sewer (visited)

Altars:
Fedhas
Gozag
Makhleb
Uskayaw

Shops:
D:1 =   D:4 (

Annotations:
D:5 lotum's ghost, novice TeAE


Message History

You slash lotum's ghost!
Lightning courses through lotum's ghost!
Lotum's ghost is severely damaged.
You feel sick.
Lotum's ghost gestures wildly while chanting.
You are struck by an arc of lightning.
Lotum's ghost is struck by an arc of lightning!
The lightning grounds out.
You miss lotum's ghost.
Lotum's ghost is almost destroyed.
You feel sick. Lotum's ghost hits you.
* * * LOW HITPOINT WARNING * * *
You closely miss lotum's ghost.
Lotum's ghost is almost destroyed.
You feel sick.
You are no longer poisoned.
Lotum's ghost barely misses you.
You miss lotum's ghost.
Lotum's ghost is almost destroyed.
Lotum's ghost hits you but does no damage.
You are poisoned.
Lotum's ghost hits you but does no damage.
You are more poisoned.
You miss lotum's ghost.
Lotum's ghost is almost destroyed.
You feel very sick.
Lotum's ghost casts a spell.
You are struck by an arc of lightning.
* * * LOW HITPOINT WARNING * * *
Lotum's ghost is struck by an arc of lightning.
You are struck by an arc of lightning.
* * * LOW HITPOINT WARNING * * *
Lotum's ghost is struck by an arc of lightning.
The lightning grounds out.
You closely miss lotum's ghost.
Lotum's ghost is almost destroyed.
You feel very sick.
Lotum's ghost waves its arms in wide circles.
The air twists around and strikes you!
You die...

#......# ###.####.##
#.....##..####
.8...8.#.....#
.......##.##.###########
..._...................#
.......###.#.#########.#
.8...8.###.#.#########.##
#.....##.......W@...(...#
###.#####......#######..#
##..#..#######.### #..#
....#...##.8∩##W.# #..#
...#....#.?..$#..# #..#
....#...#8$.$.s..#####..#
###.##.##∩.8_.'.....#...#
###.##.##8...$'..##...#.#
.......##.....#..####.#.#


You could see lotum's ghost (swift).

Vanquished Creatures
  A two-headed ogre (D:5)
  A water moccasin (Sewer)
  Pargi (D:3)
  An ice beast (D:5)
  An ogre (D:5)
  4 scorpions
  A howler monkey (D:5)
  Crazy Yiuf (D:2)
  2 hounds (D:5)
  An orc wizard (D:5)
  Natasha (thrice) (D:4)
  A river rat (D:5)
  4 adders (D:2)
  A shadow imp (D:4)
  7 worms
  2 dart slugs
  5 orcs
  9 ball pythons
  7 bats
  2 endoplasms
  7 giant cockroaches
  10 goblins
  3 hobgoblins
  12 jackals
  8 kobolds
  7 quokkas
  7 frilled lizards
  6 rats
115 creatures vanquished.

Vanquished Creatures (others)
  A plant (D:2)
1 creature vanquished.

Grand Total: 116 creatures vanquished

Notes
Turn   | Place    | Note
-------+----------+-------------------------------------------
     0 | D:1      | Hubris850 the Hill Orc Fighter began the quest for the Orb.
     0 | D:1      | Reached XP level 1. HP: 19/19 MP: 1/1
   174 | D:1      | Reached XP level 2. HP: 22/27 MP: 2/2
   359 | D:1      | Found Ynoklaun's Jewellery Shop.
   800 | D:2      | Reached XP level 3. HP: 30/33 MP: 3/3
   900 | D:2      | Reached skill level 1 in Throwing
  1164 | D:2      | Reached XP level 4. HP: 37/40 MP: 4/4
  1185 | D:2      | Found a blossoming altar of Fedhas.
  1274 | D:2      | Found a runed translucent door.
  1275 | D:2      | Noticed Crazy Yiuf
  1600 | D:2      | Killed Crazy Yiuf
  1601 | D:2      | Reached XP level 5. HP: 21/46 MP: 5/5
  1905 | D:3      | Found a faded altar of an unknown god.
  1912 | D:3      | Prayed at the altar of an unknown god.
  1912 | D:3      | Became a worshipper of Makhleb the Destroyer
  1912 | D:3      | Reached * piety under Makhleb
  1984 | D:3      | Noticed Pargi
  2004 | D:3      | Killed Pargi
  2005 | D:3      | Reached skill level 1 in Invocations
  2005 | D:3      | Reached XP level 6. HP: 36/52 MP: 5/7
  2431 | D:4      | Noticed Natasha
  2440 | D:4      | Killed Natasha
  2488 | D:4      | Noticed Natasha
  2500 | D:4      | Killed Natasha
  2581 | D:4      | Found Hirphog's Weapon Emporium.
  2600 | D:4      | Reached skill level 5 in Axes
  2603 | D:4      | Reached ** piety under Makhleb
  2677 | D:4      | Noticed Natasha
  2685 | D:4      | Killed Natasha
  2812 | D:4      | Found a staircase to the Ecumenical Temple.
  2866 | D:4      | Found a hide-covered altar of Uskayaw.
  3277 | D:4      | Bought a +1 war axe of electrocution for 219 gold pieces
  3281 | D:5      | Entered Level 5 of the Dungeon
  3284 | D:5      | Reached skill level 5 in Shields
  3284 | D:5      | Reached XP level 7. HP: 59/59 MP: 9/9
  3363 | D:5      | Found a glowing drain.
  3367 | Sewer    | Entered a sewer
  3675 | D:5      | Found an opulent altar of Gozag.
  3690 | D:5      | Found the +7 captain's cutlass {speed, disarm}
  3737 | D:5      | Found a runed translucent gate.
  3737 | D:5      | Found a runed translucent gate.
  3739 | D:5      | Found an opulent altar of Gozag.
  3739 | D:5      | Found a runed translucent gate.
  3742 | D:5      | Noticed lotum's ghost (novice TeAE)
  3742 | D:5      | Noticed a two-headed ogre
  3922 | D:5      | Reached XP level 8. HP: 36/66 MP: 11/11
  4290 | D:5      | Reached *** piety under Makhleb
  4376 | D:5      | Killed a two-headed ogre
  4391 | D:5      | Killed from afar by lotum's ghost

Illustrated notes

Levels and vault maps discovered:
D:1:      lightli_arrival_chessboard, layout_basic, serial_shops, shop
D:2:      layout_loops_ring, basic_altar, minmay_misc_feat_nine_boxes,
          grunt_decor_cap, serial_bayou_pond_b, minmay_liquid_box,
          uniq_crazy_yiuf_cottage
D:3:      layout_basic, ebering_ecumenical_altar_sacrificial, serial_rivers,
          chequers_serial_rivers_micro_c, chequers_serial_rivers_large_b,
          chequers_serial_rivers_marsh, chequers_serial_rivers_micro_e,
          chequers_serial_rivers_small_a, chequers_serial_rivers_micro_d,
          uniq_pargi
D:4:      layout_basic, eat_drink_and_be_merry_uskayaw, temple_green,
          nicolae_stop_n_shop_2, minivault_11, minmay_manual_moon, uniq_natasha
D:5:      layout_loops_ring, grunt_gozag_statues, ebering_ghost_gozag,
          gup_sewer_entry_spiral

Skill      XL: |  1  2  3  4  5  6  7  8 |
---------------+-------------------------+-----
Axes           | 3 4 5 6 7 |  7.7
Fighting       | 4 |  4.0
Throwing       | 1 2 3 4 |  4.8
Shields        | 4 5 6 |  6.0
Armour         | 4 |  4.0
Invocations    | 1 3 4 7 |  7.2

Action                     |  1- 3 |  4- 6 |  7- 9 || total
---------------------------+-------+-------+-------++-------
  Melee: War axe           |   114 |   176 |    78 ||   368
         Cutlass           |       |       |    33 ||    33
  Throw: Boomerang         |       |     6 |     3 ||     9
         Dart              |       |     3 |       ||     3
         Javelin           |       |     1 |       ||     1
    Use: Potion            |       |     1 |       ||     1
 Armour: Scale mail        |    67 |    14 |       ||    81
         Plate armour      |       |   152 |    63 ||   215
  Dodge: Dodged            |    66 |    79 |    25 ||   170
  Block: Buckler           |    33 |    49 |    17 ||    99

Table legend: (Time is in decaauts)
 A = Elapsed time spent in this place.
 B = Non-inter-level travel time spent in this place.
 C = Inter-level travel time spent in this place.
 D = Time resting spent in this place.
 E = Time spent auto-exploring this place.
 F = Levels seen in this place.
 G = Mean time per level.
                   A        B        C        D        E       F      G
               +--------+--------+--------+--------+--------+-----+--------+
         Total |   4612 |   4434 |    178 |      0 |   3310 |   6 |  768.7 |
       Dungeon |   4350 |   4172 |    178 |      0 |   3184 |   5 |  870.0 |
         Sewer |    262 |    262 |      0 |      0 |    125 |   1 |  262.0 |
               +--------+--------+--------+--------+--------+-----+--------+

Top non-repeatable levels by time:
     D:2: 974 daAuts
     D:5: 936 daAuts
     D:4: 874 daAuts
     D:1: 813 daAuts
     D:3: 751 daAuts
   Sewer: 262 daAuts
